 Dungeon Crawl Stone Soup version 0.31-a0-986-g5e6e4ef867 (webtiles) character file.

Game seed: 15474360668188102233

201 Jeffwins the Ruffian (level 5, -5/29 HPs)
             Began as a Draconian Shapeshifter on Nov 18, 2023.
             Slain by Crazy Yiuf
             ... wielding a +4 quarterstaff of chaos
              (7 damage)
             ... on level 3 of the Dungeon.
             The game lasted 00:04:45 (3072 turns).

Jeffwins the Ruffian (Draconian Shapeshifter)       Turns: 3072, Time: 00:04:46

Health: -5/29      AC:  8    Str: 16    XL:     5   Next: 50%
Magic:  5/5        EV: 12    Int: 12    God:
Gold:   76         SH:  0    Dex: 11    Spells: 4/4 levels left

rFire   . .          .
                       - Unarmed
rCold   . . .        (shield currently unavailable)
rNeg    . . .        (body armour unavailable)
rPois   .            (helmet restricted)
rElec   .            s - +0 cloak
rCorr   .            h - +0 pair of gloves
SInv    .            o - +0 pair of boots
Will    .....        d - amulet of the acrobat
Stlth   +            (no ring)
HPRegen 0.24/turn    (no ring)
MPRegen 0.09/turn

%: acrobat
@: flux-form, glowing
A: glow, contaminating, reduced hp, AC +5, unfitting armour, cold-blooded
a: Begin Untransformation


You were on level 3 of the Dungeon.
You were something dangerously unstable.
You visited 1 branch of the dungeon, and saw 3 of its levels.

You collected 141 gold pieces.
You spent 65 gold pieces at shops.


Innate Abilities, Weirdness & Mutations

You are something dangerously unstable.
You glow with magical radiation, making you easy to see and hit.
Foes you strike become dangerously contaminated with magical radiation.
Your maximum health is decreased, since you lack skill for your form.
You are incapable of wielding weapons or throwing items.
Your plain brown scales are hard. (AC +5)
You cannot fit into any form of body armour.
You are cold-blooded and may be slowed by cold attacks.


   Skills:
 + Level 2.3 Fighting
 + Level 2.7 Dodging
 + Level 1.6 Stealth
 * Level 4.1 Unarmed Combat
 + Level 0.0 Evocations
 * Level 3.9 Shapeshifting


You had 4 spell levels left.
You didn't know any spells.
Your spell library was empty.

Inventory:

Hand Weapons
 j - a +1 hand axe of freezing
 v - a +2 rapier of holy wrath
Armour
 h - a +0 pair of gloves (worn)
 o - a +0 pair of boots (worn)
 s - a +0 cloak (worn)
Jewellery
 d - an amulet of the acrobat (around neck)
 H - an amulet of faith {!P}
 L - a ring of flight
Talismans
 b - a beast talisman
 c - a flux talisman (active)
 q - a blade talisman
Wands
 p - a wand of flame (10)
Scrolls
 e - a scroll of immolation {unknown}
 f - a scroll of summoning {unknown}
 i - a scroll of amnesia {unknown}
 l - a scroll of acquirement {unknown}
 m - a scroll of blinking {unknown}
 t - a scroll of noise {unknown}
 x - a scroll of identify {unknown}
 y - a scroll of teleportation {unknown}
Potions
 a - 2 potions of lignification {!q}
 g - 3 potions of mutation {unknown}
 k - 3 potions of enlightenment {unknown}
 n - a potion of cancellation {unknown}
 r - 2 potions of heal wounds {@q2}
 u - a potion of curing {unknown}
 w - a potion of magic {unknown}

Dungeon Overview and Level Annotations

Branches:
Dungeon (3/15)

Altars:

Shops:
D:3 !

Annotations:
D:3 Crazy Yiuf

#.# ## #.#
#.# # ▒▒▒▒▒
####.## #
▒..)▒ #.....#
# ▒...▒
#.###.######
... #.#
#....... ▒g▒
#.###.####..
##p# #......#
#.# #.##
###<..## #.#
##.# ##.##
#.# #.## #[#
#.# ##.## #.#
#.# #...##
##)## #.#
#....#
##.).## #.#
#....#
##.....###..
#####....#
##.......####


You could see Crazy Yiuf (misshapen).


Message History

Okay, then.
You see here a dart slug corpse.
There is an open gate here.
There is an open gate here.
There is an open door here.
Things that are here:
a +0 leather armour; a +0 flail; a +0 club
There is an open door here.
Items here: ))) [[.
There is an open door here.
Crazy Yiuf shouts!
Could not explore, unopened runed door.
You open the door. You hit Crazy Yiuf but do no damage.
Crazy Yiuf begins to glow.
Crazy Yiuf hits you with a +4 quarterstaff of chaos!
You barely miss Crazy Yiuf.
Crazy Yiuf grits, "Blight!
Cholesterol verde koolooloo."
Crazy Yiuf hits you with a +4 quarterstaff of chaos.
Space warps horribly around you!
Ouch! That really hurt!
* * * LOW HITPOINT WARNING * * *
You hit Crazy Yiuf but do no damage.
Crazy Yiuf glows dangerously bright.
Crazy Yiuf closely misses you.
Unknown command.
You hit Crazy Yiuf but do no damage.
Crazy Yiuf shudders as magic cascades through him.
Crazy Yiuf twists and deforms.
Crazy Yiuf is moderately wounded.
Crazy Yiuf hits you with a +4 quarterstaff of chaos!
You die...

Skill      XL: |  1  2  3  4  5 |
---------------+----------------+-----
Dodging        | 2 |  2.7
Stealth        | 1 |  1.6
Fighting       | 2 |  2.3
Unarmed Combat | 4 |  4.1
Shapeshifting  | |  3.9

Action                     |  1- 3 |  4- 6 || total
---------------------------+-------+-------++-------
  Melee: Unarmed           |   103 |    91 ||   194
         Punch             |     1 |       ||     1
         Tailslap          |     9 |     6 ||    15
   Stab: Sleeping          |     3 |       ||     3
 Armour: Skin              |    49 |    38 ||    87
  Dodge: Dodged            |    75 |    48 ||   123
   Form: Blade             |     1 |       ||     1
         Flux              |     1 |       ||     1

Levels and vault maps discovered:
D:1:      pf_arrival_petrified_forest, layout_loops_corners,
          shapermc_ecumenical_altar_flowoftime
D:2:      layout_loops_cross
D:3:      layout_loops_corners, serial_shops, shop, kennysheep_cross_bottleneck,
          uniq_ijyb, uniq_crazy_yiuf_cottage

Notes
Turn   | Place    | Note
-------+----------+-------------------------------------------
     0 | D:1      | Jeffwins the Draconian Shapeshifter began the quest for the
                  | Orb.
     0 | D:1      | Reached XP level 1. HP: 16/16 MP: 1/1
   343 | D:1      | Reached XP level 2. HP: 23/23 MP: 2/2
   365 | D:1      | Reached skill level 2 in Dodging
   447 | D:1      | Found a faded altar of an unknown god.
  1109 | D:2      | Reached XP level 3. HP: 28/28 MP: 3/3
  1662 | D:3      | Noticed Ijyb
  1662 | D:3      | Found Xexyx's Distillery.
  1779 | D:3      | Killed Ijyb
  1780 | D:3      | Reached skill level 1 in Stealth
  1816 | D:3      | Bought a potion of heal wounds for 65 gold pieces
  1876 | D:3      | Reached XP level 4. HP: 23/36 MP: 4/4
  2101 | D:2      | Reached skill level 2 in Fighting
  2154 | D:2      | Reached XP level 5. HP: 7/41 MP: 5/5
  2318 | D:3      | Reached skill level 4 in Unarmed Combat
  2546 | D:3      | Found a runed translucent door.
  2547 | D:3      | Noticed Crazy Yiuf
  3070 | D:3      | HP: 1/29 [Crazy Yiuf/+4 quarterstaff of chaos (15)]
  3072 | D:3      | Slain by Crazy Yiuf

Vanquished Creatures
  An orc priest (D:2)
  An orc wizard (D:2)
  Ijyb (D:3)
  4 gnolls (D:3)
  An adder (D:3)
  3 worms
  3 dart slugs
  7 orcs
  3 endoplasms
  2 giant cockroaches
  3 goblins
  A hobgoblin (D:1)
  4 jackals (D:1)
  6 ball pythons
  2 bats
  6 frilled lizards
  7 kobolds
  5 rats
60 creatures vanquished.

Table legend: (Time is in decaauts)
 A = Elapsed time spent in this place.
 B = Non-inter-level travel time spent in this place.
 C = Inter-level travel time spent in this place.
 D = Time resting spent in this place.
 E = Time spent auto-exploring this place.
 F = Levels seen in this place.
 G = Mean time per level.
                   A        B        C        D        E       F      G
               +--------+--------+--------+--------+--------+-----+--------+
         Total |   3072 |   3040 |     32 |    314 |   2200 |   3 | 1024.0 |
       Dungeon |   3072 |   3040 |     32 |    314 |   2200 |   3 | 1024.0 |
               +--------+--------+--------+--------+--------+-----+--------+

Top non-repeatable levels by time:
     D:3: 1111 daAuts
     D:1: 1013 daAuts
     D:2: 948 daAuts

Table legend:
 A = Non-vault XP
 B = Vault XP
 C = Vault XP percentage of total XP
 D = Non-vault monster count
 E = Vault monster count
 F = Vault count percentage of total count
                 A         B        C        D         E       F
            +---------+---------+-------+---------+---------+-------
      Total |     256 |      32 |  11.1 |      59 |       1 |   1.7
            +---------+---------+-------+---------+---------+-------
        D:1 |      31 |       0 |   0.0 |      19 |       0 |   0.0
        D:2 |     101 |       0 |   0.0 |      13 |       0 |   0.0
        D:3 |     124 |      32 |  20.5 |      27 |       1 |   3.6
            +---------+---------+-------+---------+---------+-------
